cohdb
Replays
Latest Replays
All Replays
Popular Replays
Top Player Replays
Match Explorer
How It Works
Community
CoH3 Stats
Reddit
Sign in to upload your games and track your stats! →
Sign in with Steam
Match 43621604
Unlisted
Match 43621604
Overview
Messages
Build Orders
End
Scout Squad
Construct Barracks
Selects Airborne Battlegroup
Selects Heavy Machine Gun Paradrop
Heavy Machine Gun Paradrop
Heavy Machine Gun Paradrop
M1 Mortar Team
Selects Paratrooper Squad Paradrop
Paratrooper Squad Paradrop
Paratrooper Squad Paradrop
Air Support Center
Paratrooper Squad Paradrop
Construct Motor Pool
Grasshopper Recon Run
M24 Chaffee Light Tank
Heavy Machine Gun Paradrop
Selects Anti-tank Gun Team Paradrop
Selects Recon Loiter
Recon Loiter
M24 Chaffee Light Tank
Recon Loiter
P-47 Dive Bomb
P-47 Strafing Run
Construct Tank Depot
Anti-tank Gun Team Paradrop
Selects Paradrop Reinforcements
Selects Carpet Bombing Run
Paradrop Reinforcements
EcchiMiku
xjxyGL
Nukepapa
stunta
0
0
Comments
sign in to comment!
No comments posted yet!